 Dungeon Crawl Stone Soup version 0.29.1-15-g9cfb28693d (webtiles) character file.

Game seed: 5078408500304926801

422 hawla the Firebug (level 7, -1/51 HPs)
             Began as a Meteoran Fire Elementalist on Mar 15, 2023.
             Slain by a gnoll sergeant
             ... wielding a +0 trident
              (11 damage)
             ... on level 4 of the Dungeon.
             The game lasted 00:05:42 (737 turns).

hawla the Firebug (Meteoran Fire Elementalist)       Turns: 737, Time: 00:05:43

Health: -1/51      AC:  4    Str: 10    XL:     7   Next: 40%
Magic:  7/15       EV: 13    Int: 18    God:
Gold:   82         SH:  0    Dex: 15    Spells: 9/16 levels left

rFire   . . .      SeeInvis .   (no weapon)
rCold   . . .      Faith    .   (no shield)
rNeg    . . .      Spirit   .   a - +2 robe
rPois   .          Reflect  .   (no helmet)
rElec   .          Harm     .   (no cloak)
rCorr   .          Rampage  .   (no gloves)
Will    .....      Rage     3%  (no boots)
Stlth   +.........              (no amulet)
HPRegen 0.17/turn               (no ring)
MPRegen 0.14/turn               (no ring)

@: very slightly contaminated, glowing
A: sense surroundings 1, otherworldly, glowing, explore regen, berserk 1, wild
magic 1
a: no special abilities


You were on level 4 of the Dungeon.
You visited 1 branch of the dungeon, and saw 4 of its levels.
You also visited: Sewer.

You collected 82 gold pieces.

Inventory:

Armour
 a - a +2 robe (worn)
Jewellery
 b - a +4 ring of evasion
Scrolls
 f - 2 scrolls of enchant armour
 i - a scroll of enchant weapon {unknown}
Potions
 c - 3 potions of might
 g - a potion of curing


   Skills:
 - Level 0.5 Fighting
 - Level 2.9 Dodging
 - Level 1.4 Stealth
 - Level 5.1 Spellcasting
 + Level 5.0 Conjurations
 - Level 5.7 Fire Magic


You had 9 spell levels left.
You knew the following spells:

 Your Spells              Type           Power      Damage    Failure   Level
a - Foxfire               Conj/Fire      100%       2x1d9     2%          1
b - Scorch                Fire           64%        2d8       3%          2
c - Flame Wave            Conj/Fire      31%        2d9       21%         4

Your spell library contained the following spells:

 Spells                   Type           Power      Damage    Failure   Level
 Conjure Flame            Conj/Fire      31%        6-21      7%          3
 Inner Flame              Hex/Fire       19%        N/A       17%         3
 Apportation              Tloc           12%        N/A       19%         1
 Necrotise                Necr           24%        1d5       19%         1
 Summon Small Mammal      Summ           24%        N/A       19%         1


Dungeon Overview and Level Annotations

Branches:
Dungeon (4/15) Zot: 1941    Sewer (visited)
 Temple: D:4-7

Altars:

Annotations:
D:3 Grinder


Innate Abilities, Weirdness & Mutations

You passively map a small area around you.
You are easily found by Zot.
You glow in the dark.
You regain HP and MP as you explore.
You sometimes lose your temper in combat.
Your spells are a little harder to cast, but a little more powerful.


Message History

Confirm with . or Enter, or press ? or * to list all spells.
You miscast Scorch.
You are very lightly contaminated with residual magic.
Nothing appears to happen.
The gnoll hits you from afar with a +0 halberd.
A gnoll comes into view. It is wielding a +0 flail.
The gnoll sergeant hits you from afar with a +0 trident!
Casting: Scorch (safe; 1% risk of failure)
Confirm with . or Enter, or press ? or * to list all spells.
Flames lash the orc.
You kill the orc!
The gnoll misses you. The gnoll sergeant misses you.
Unknown command.
Casting: Scorch (safe; 1% risk of failure)
Confirm with . or Enter, or press ? or * to list all spells.
You conjure some foxfire!
The gnoll hits you from afar with a +0 halberd.
The gnoll closely misses you.
The gnoll sergeant hits you from afar with a +0 trident!
Unknown command.
As you read the scroll labelled DOZOIGG XOAH, it crumbles to dust.
You hear a loud clanging noise!
It was a scroll of noise.
The foxfire hits the gnoll sergeant but does no damage.
The foxfire hits the gnoll.
You kill the gnoll!
The gnoll sergeant hits you from afar with a +0 trident.
The gnoll closely misses you.
Your Conjurations skill increases to level 5!
The air fills with toxic fumes!
As you read the scroll labelled BEQAUD PAERU, it crumbles to dust.
It was a scroll of poison.
The gnoll misses you.
The gnoll sergeant hits you from afar with a +0 trident!
* * * LOW HITPOINT WARNING * * *
Okay, then.
It was a potion of mutation.
You feel extremely strange.
You feel a little pissed off.
You feel less in control of your magic. The gnoll closely misses you.
The gnoll sergeant hits you from afar with a +0 trident!
You die...

* , , ###### ,* *
#§... ,, ###§###
,# #§§§§@#,...
#######§#§#§#$...
#......§§)#gg....
,
#.#####§..§g.§...
#.#
#§...§§#§§..., ,,
#.# ######§§§§§..
, #.######
#§#§§§§. #......#
#§#.#§§§
########.####,# #
. ,


You could see a gnoll sergeant and 2 gnolls.

Vanquished Creatures
  A phantom (D:4)
  2 bullfrogs (Sewer)
  Jessica (D:3)
  2 gnolls (D:4)
  8 adders (Sewer)
  3 river rats (Sewer)
  4 worms
  4 orcs
  3 endoplasms
  A goblin (D:3)
  2 quokkas
  13 ball pythons (Sewer)
  3 bats
  6 frilled lizards
  27 rats (Sewer)
80 creatures vanquished.

Vanquished Creatures (others)
  131 foxfires
131 creatures vanquished.

Grand Total: 211 creatures vanquished

Notes
Turn   | Place    | Note
-------+----------+-------------------------------------------
     0 | D:1      | hawla the Meteoran Fire Elementalist began the quest for
                  | the Orb.
     0 | D:1      | Reached XP level 1. HP: 14/14 MP: 5/5
   123 | D:2      | Reached XP level 2. HP: 5/20 MP: 0/6
   166 | D:3      | Learned a level 2 spell: Scorch
   225 | D:3      | Found a glowing drain.
   232 | D:3      | Reached XP level 3. HP: 26/26 MP: 6/8
   244 | D:3      | Noticed Grinder
   246 | D:3      | Noticed Jessica
   247 | Sewer    | Entered a sewer
   274 | Sewer    | Reached XP level 4. HP: 28/33 MP: 0/10
   433 | Sewer    | Reached XP level 5. HP: 38/38 MP: 8/11
   448 | Sewer    | Reached skill level 5 in Fire Magic
   495 | Sewer    | Noticed a bullfrog
   498 | Sewer    | Noticed a bullfrog
   500 | Sewer    | Killed a bullfrog
   501 | Sewer    | Reached XP level 6. HP: 30/46 MP: 3/14
   504 | Sewer    | Reached skill level 5 in Spellcasting
   531 | D:3      | Paralysed by Grinder for 2 turns
   605 | D:3      | Killed Jessica
   606 | D:3      | Reached XP level 7. HP: 39/51 MP: 10/15
   611 | D:3      | Learned a level 4 spell: Flame Wave
   736 | D:4      | Reached skill level 5 in Conjurations
   737 | D:4      | Gained mutation: You sometimes lose your temper in combat.
                  | [potion of mutation]
   737 | D:4      | Gained mutation: Your spells are a little harder to cast,
                  | but a little more powerful. [potion of mutation]
   737 | D:4      | Slain by a gnoll sergeant

Illustrated notes

Levels and vault maps discovered:
D:1:      dpeg_arrival_castle, layout_rooms,
          shapermc_ecumenical_altar_mp_ritualfount, minmay_statues_item,
          chequers_avenue
D:2:      layout_loops_cross, serial_shops, shop, chequers_mini_garden,
          minmay_box_of_dots, uniq_robin
D:3:      layout_loops_cross, cheibrodos_sewer_entry_sluice, uniq_ijyb,
          uniq_jessica, uniq_pargi, uniq_grinder
D:4:      layout_basic, minmay_temple_entry_offerings, serial_shops, shop,
          serial_bayou_pond_d, nicolae_concentric_dashed_squares_mild,
          minivault_5

Skill      XL: |  1  2  3  4  5  6  7 |
---------------+----------------------+-----
Fire Magic     | 4 5 |  5.7
Spellcasting   | 3 4 5 |  5.1
Conjurations   | 2 3 5 |  5.0
Fighting       | |  0.5
Dodging        | |  2.9
Stealth        | |  1.4

Action                   |  1- 3 |  4- 6 |  7- 9 || total
-------------------------+-------+-------+-------++-------
Melee: Unarmed           |    11 |     4 |       ||    15
 Cast: Foxfire           |    28 |    43 |     6 ||    77
       Scorch            |     4 |     7 |     6 ||    17
  Use: Scroll            |     3 |     2 |     4 ||     9
       Potion            |     1 |     1 |     1 ||     3
Armor: Robe              |     3 |     3 |       ||     6
Dodge: Dodged            |     6 |    14 |    10 ||    30
